 Dungeon Crawl Stone Soup version 0.26-a0-466-g989023bd0d (webtiles) character file.

Game seed: 15772203711984852958

2469 HoaS the Grappler (level 9, -3/67 HPs)
             Began as a Ghoul Gladiator on Aug 3, 2020.
             Was a Believer of Makhleb.
             Slain by a wolf (5 damage)
             ... on level 7 of the Dungeon.
             The game lasted 00:16:11 (6146 turns).

HoaS the Grappler (Ghoul Gladiator)                 Turns: 6146, Time: 00:16:11

Health: -3/67      AC: 11    Str: 19    XL:     9   Next: 51%
Magic:  8/8        EV:  8    Int:  3    God:    Makhleb [**....]
Gold:   381        SH:  0    Dex: 12    Spells: 8/8 levels left

rFire    + + .     SeeInvis .     - Unarmed
rCold    + . .     Faith    .   (no shield)
rNeg     + + +     Spirit   .   q - +0 chain mail
rPois    ∞         Reflect  .   b - +0 helmet
rElec    .         Harm     .   e - +1 cloak (curse)
rCorr    .                      (no gloves)
MR       .....                  (no boots)
Stlth    ..........             (no amulet)
HPRegen  0.00/turn              o - ring of protection from fire
MPRegen  0.11/turn              r - ring of protection from fire

@: mighty
A: rotting body, claws 1, cold resistance 1, negative energy resistance 3,
inhibited regeneration, torment resistance, unbreathing
a: Minor Destruction, Renounce Religion


You were on level 7 of the Dungeon.
You worshipped Makhleb.
Makhleb was pleased with you.
You visited 2 branches of the dungeon, and saw 9 of its levels.

You collected 381 gold pieces.

Inventory:

Missiles
 c - 4 throwing nets (quivered)
Armour
 b - a +0 helmet (worn)
 e - a cursed +1 cloak (worn)
 q - a +0 chain mail (worn)
Jewellery
 f - an uncursed ring of flight
 o - a ring of protection from fire (left claw)
 r - a ring of protection from fire (right claw)
Wands
 p - a wand of paralysis (16)
Scrolls
 g - 4 scrolls of fog
 i - 8 scrolls of remove curse
 l - 4 scrolls of identify
 n - a scroll of enchant weapon {unknown}
Potions
 a - 3 potions of lignification
 d - 3 potions of curing
 h - a potion of cancellation
 j - 3 potions of haste
 k - 4 potions of flight
 m - a potion of berserk rage


   Skills:
 - Level 2.1 Fighting
 - Level 1.7 Throwing
 - Level 2.6 Dodging
 + Level 13.5 Unarmed Combat


You had 8 spell levels left.
You didn't know any spells.
Your spell library contained the following spells:

 Spells                   Type           Power        Failure   Level
 Animate Skeleton         Necr           #.....       100%        1
 Corona                   Hex            #......      100%        1
 Magic Dart               Conj           #...         100%        1
 Blink                    Tloc           N/A          100%        2
 Call Imp                 Summ           #.......     100%        2
 Slow                     Hex            #.......     100%        2
 Conjure Flame            Conj/Fire      #.......     100%        3
 Inner Flame              Hex/Fire       #.......     100%        3
 Mephitic Cloud           Conj/Pois/Air  #.......     100%        3
 Portal Projectile        Hex/Tloc       #.....       100%        3
 Cause Fear               Hex            #.........   100%        4
 Leda's Liquefaction      Hex/Erth       #.........   100%        4


Dungeon Overview and Level Annotations

Branches:
Dungeon (8/15)             Temple (1/1) D:4
   Lair: D:8-11

Altars:
Ashenzari
Cheibriados
Dithmenos
Fedhas
Gozag
Kikubaaqudgha
Makhleb
Nemelex Xobeh
Qazlal
Ru
Sif Muna
Trog
Uskayaw
Vehumet
Wu Jian
Yredelemnul
Zin
The Shining One

Annotations:
D:3 1 runed translucent door
D:8 2 transporters, Icebird's ghost, novice SpVM


Innate Abilities, Weirdness & Mutations

Your body is rotting away.
You thrive by killing the living.
You are immune to poison.
You have sharp fingernails.
Your flesh is cold resistant. (rC+)
You are immune to negative energy. (rN+++)
You do not regenerate when monsters are visible.
You are immune to unholy pain and torment.
You can survive without breathing.


Message History

There is a stone staircase leading down here.
You feel very mighty all of a sudden. The wolf completely misses you.
The hound bites you but does no damage. The wolf bites you.
* * * LOW HITPOINT WARNING * * *
You mangle the wolf!!
The wolf is almost dead.
The hound bites you but does no damage. The wolf bites you but does no damage.
You closely miss the wolf.
The wolf is almost dead.
The hound bites you but does no damage. The wolf bites you but does no damage.
You barely miss the wolf.
The wolf is almost dead.
The hound bites you but does no damage. The wolf bites you.
* * * LOW HITPOINT WARNING * * *
The hound closely misses you.
You closely miss the wolf.
The wolf is almost dead.
The wolf bites you.
You die...

##.#
###................##
#..#
##...........#....##
##.###
######..#..###....###
##....###
####...####....##
........### #...#
##....## ##........###
##..# ##.....
##.........#### #..#
##....
#............### #..#
##...
##............@###..##
##.. #
##..........h.h.....#
##. ##
#..................#
## .##
##.................#
##. ..##
#<..[.............#
#.. ...#
##..(.....####....##
#.. ..## ##.....###
##....## #.. ###
#..#### ###...# ####..
# ##..## ##..###.....


You could see a wolf and a hound.

Vanquished Creatures
  A hippogriff (D:7)
  A steam dragon (D:4)
  2 ice beasts (D:6)
  2 orc warriors
  A sky beast (D:6)
  2 centaurs
  3 bullfrogs
  A scorpion (D:7)
  5 killer bees (D:7)
  An electric eel (D:8)
  2 howler monkeys (D:7)
  A bullfrog zombie (D:7)
  2 quasits
  2 hounds (D:7)
  7 orc priests
  Crazy Yiuf (D:3)
  4 orc wizards
  A bullfrog skeleton (D:4)
  Jessica (D:3)
  4 worker ants
  2 killer bee zombies
  2 hound skeletons (D:6)
  A worker ant zombie (D:6)
  9 adders
  4 gnolls (D:4)
  A shadow imp (D:6)
  2 ufetubi (D:7)
  5 worms
  A dart slug (D:3)
  7 leopard geckos
  15 orcs
  2 giant cockroaches
  3 goblins
  4 hobgoblins
  4 jackals (D:5)
  A quokka (D:5)
  A ball python (D:3)
  8 bats
  4 frilled lizards
  5 kobolds
  A leopard gecko zombie (D:5)
  A quokka skeleton (D:4)
  14 rats
141 creatures vanquished.

Notes
Turn   | Place    | Note
-------+----------+-------------------------------------------
     0 | D:1      | HoaS the Ghoul Gladiator began the quest for the Orb.
     0 | D:1      | Reached XP level 1. HP: 17/17 MP: 0/0
   273 | D:1      | Reached XP level 2. HP: 24/24 MP: 1/1
   335 | D:1      | Reached skill level 4 in Unarmed Combat
   817 | D:2      | Reached XP level 3. HP: 25/29 MP: 2/2
   973 | D:2      | Found a shattered altar of Ashenzari.
  1095 | D:2      | Reached skill level 5 in Unarmed Combat
  1497 | D:3      | Reached XP level 4. HP: 36/36 MP: 3/3
  1833 | D:3      | Found a glowing golden altar of the Shining One.
  1833 | D:3      | Noticed an angel
  1834 | D:3      | Found a runed translucent door.
  1924 | D:3      | Found a runed translucent door.
  1927 | D:3      | Noticed Crazy Yiuf
  2040 | D:3      | Found a snail-covered altar of Cheibriados.
  2051 | D:3      | Noticed Jessica
  2060 | D:3      | Killed Jessica
  2060 | D:3      | Reached skill level 6 in Unarmed Combat
  2060 | D:3      | Reached XP level 5. HP: 40/41 MP: 4/4
  2120 | D:3      | Noticed a moth of wrath
  2123 | D:3      | Found a bloodstained altar of Trog.
  2230 | D:3      | Killed Crazy Yiuf
  2362 | D:4      | Found a stormy altar of Qazlal.
  2484 | D:4      | Found a sparkling altar of Nemelex Xobeh.
  2486 | D:4      | Noticed a steam dragon
  2495 | D:4      | Killed a steam dragon
  2495 | D:4      | Reached skill level 7 in Unarmed Combat
  2495 | D:4      | Reached XP level 6. HP: 25/48 MP: 5/5
  2710 | D:4      | Reached skill level 8 in Unarmed Combat
  2754 | D:4      | Found a staircase to the Ecumenical Temple.
  2763 | Temple   | Entered the Ecumenical Temple
  2770 | Temple   | Became a worshipper of Makhleb the Destroyer
  3051 | D:4      | Found a shimmering blue altar of Sif Muna.
  3051 | D:4      | Found an ancient bone altar of Kikubaaqudgha.
  3053 | D:4      | Found a radiant altar of Vehumet.
  3055 | D:4      | Identified Kikubaaqudgha's Guide on Sinister Rites
  3343 | D:4      | Reached XP level 7. HP: 55/55 MP: 6/6
  3417 | D:4      | Found a sacrificial altar of Ru.
  3502 | D:5      | Entered Level 5 of the Dungeon
  3546 | D:5      | Reached skill level 9 in Unarmed Combat
  3602 | D:5      | Reached * piety under Makhleb
  4099 | D:5      | Found a sparkling altar of Nemelex Xobeh.
  4382 | D:6      | Reached skill level 10 in Unarmed Combat
  4385 | D:6      | Reached XP level 8. HP: 47/61 MP: 7/7
  4714 | D:6      | Reached skill level 11 in Unarmed Combat
  5138 | D:7      | Reached skill level 12 in Unarmed Combat
  5146 | D:7      | Reached ** piety under Makhleb
  5146 | D:7      | Reached XP level 9. HP: 41/67 MP: 8/8
  5350 | D:6      | Reached skill level 13 in Unarmed Combat
  6046 | D:8      | Found a glowing golden altar of the Shining One.
  6067 | D:8      | Found a transporter.
  6071 | D:8      | Noticed Icebird's ghost (novice SpVM)
  6072 | D:8      | Noticed a manticore
  6082 | D:8      | Found a transporter.
  6117 | D:8      | Noticed a troll
  6145 | D:7      | HP: 2/67 [wolf (2)]
  6146 | D:7      | Slain by a wolf

Illustrated notes

Levels and vault maps discovered:
D:1:      minmay_arrival_loop, layout_basic
D:2:      layout_loops_corners, glass_columns_c, st_stairs_7,
          skrybe_limestone_x, evilmike_ruin_ashenzari
D:3:      layout_rooms, kennysheep_slug_shrine, tgw_trog, lemuel_angel_altar,
          uniq_jessica, uniq_crazy_yiuf_cottage
D:4:      layout_basic, grunt_temple_overflow_magic_moments, old_standard_altar,
          nicolae_qazlal_general_emergency, minmay_temple_entry_poolview,
          nicolae_ru_sacrificial_ziggurat
D:5:      layout_loops_ring, cheibrodos_sewer_entry_bend,
          nemelex_diamond_rough_becter
D:6:      layout_cave_pools, st_stairs_9, minmay_misc_feat_roman
D:7:      layout_cave_pods
D:8:      layout_rooms, kennysheep_okawaru_gauntlet, kennysheep_mini_moat,
          lemuel_coloured_pillars_altar, lemuel_round_altar, tso_altar,
          erik_lair_island, gammafunk_ghost_berserking_beasts,
          minmay_misc_feat_five, uniq_maurice
Temple:   compressed_dpeg_triangle_lava_temple

Skill      XL: |  1  2  3  4  5  6  7  8  9 |
---------------+----------------------------+-----
Unarmed Combat | 4 5 6 7 8 10 12 13 | 13.5
Fighting       | |  2.1
Throwing       | |  1.7
Dodging        | |  2.6

Action                   |  1- 3 |  4- 6 |  7- 9 || total
-------------------------+-------+-------+-------++-------
Melee: Unarmed           |   110 |   121 |   278 ||   509
       Punch             |     1 |     4 |     7 ||    12
  Use: Scroll            |     6 |     5 |    10 ||    21
       Potion            |       |       |     2 ||     2
Armor: Leather armour    |    22 |       |       ||    22
       Ring mail         |    17 |    33 |       ||    50
       Chain mail        |       |    16 |   170 ||   186
Dodge: Dodged            |    74 |    56 |   129 ||   259

Table legend: (Time is in decaauts)
 A = Elapsed time spent in this place.
 B = Non-inter-level travel time spent in this place.
 C = Inter-level travel time spent in this place.
 D = Time resting spent in this place.
 E = Time spent auto-exploring this place.
 F = Levels seen in this place.
 G = Mean time per level.
                   A        B        C        D        E       F      G
               +--------+--------+--------+--------+--------+-----+--------+
         Total |   6085 |   5842 |    243 |    865 |   3910 |   9 |  676.1 |
       Dungeon |   5842 |   5599 |    243 |    865 |   3680 |   8 |  730.2 |
        Temple |    243 |    243 |      0 |      0 |    230 |   1 |  243.0 |
               +--------+--------+--------+--------+--------+-----+--------+

Top non-repeatable levels by time:
     D:7: 935 daAuts
     D:4: 910 daAuts
     D:3: 872 daAuts
     D:5: 841 daAuts
     D:1: 755 daAuts
     D:2: 708 daAuts
     D:6: 669 daAuts
  Temple: 243 daAuts
     D:8: 149 daAuts
